 Dungeon Crawl Stone Soup version 0.26-a0-18-g135ff06667 (webtiles) character file.

Game seed: 14779721075571875774, levelgen mode: deterministic

720 Mrkan the Ruffian (level 7, -9/70 HPs)
             Began as a Troll Hunter on May 25, 2020.
             Mangled by an ogre
             ... wielding a +0 giant spiked club
              (33 damage)
             ... on level 5 of the Dungeon.
             The game lasted 00:07:12 (3071 turns).

Mrkan the Ruffian (Troll Hunter)                    Turns: 3071, Time: 00:07:13

Health: -9/70      AC:  3    Str: 21    XL:     7   Next: 42%
Magic:  6/6        EV: 10    Int:  7    God:
Gold:   109        SH:  0    Dex: 12    Spells: 6/6 levels left

rFire    . . .     SeeInvis .     - Unarmed
rCold    . . .     Gourm    +   (no shield)
rNeg     . . .     Faith    .   b - +0 robe
rPois    .         Spirit   .   (helmet restricted)
rElec    .         Reflect  .   q - +0 cloak
rCorr    .         Harm     .   (gloves unavailable)
MR       .....                  (boots unavailable)
Stlth    +.........             (no amulet)
HPRegen  0.61/turn              (no ring)
MPRegen  0.10/turn              (no ring)

@: corroded
A: large, unfitting armour, claws 3, fast metabolism 3, gourmand, regeneration
1, shaggy fur 1, tough skin 3
a: no special abilities


You were on level 5 of the Dungeon.
You were completely stuffed.

You visited 1 branch of the dungeon, and saw 5 of its levels.

You collected 109 gold pieces.

Inventory:

Missiles
 c - 5 large rocks (quivered)
 d - 2 throwing nets
 n - 6 javelins
 v - 6 curare-tipped darts
Armour
 b - a +0 robe (worn)
 q - a +0 cloak (worn)
Wands
 s - a wand of flame (10)
Scrolls
 g - a scroll of amnesia {unknown}
 h - 2 scrolls of remove curse {unknown}
 i - a scroll of teleportation {unknown}
 j - 4 scrolls of identify {unknown}
 l - 2 scrolls of magic mapping {unknown}
 o - a scroll of noise {unknown}
 t - a scroll of fog {unknown}
 w - a scroll of enchant armour {unknown}
Potions
 a - a potion of invisibility {unknown}
 e - 2 potions of heal wounds {unknown}
 k - 2 potions of lignification {unknown}
 m - a potion of stabbing {unknown}
 p - 2 potions of curing {unknown}
 r - a potion of flight {unknown}
Comestibles
 f - 12 rations
 u - 2 chunks of flesh


   Skills:
 - Level 4.1 Fighting
 - Level 4.0 Throwing
 - Level 1.5 Dodging
 - Level 0.3 Stealth
 + Level 6.3 Unarmed Combat


You had 6 spell levels left.
You didn't know any spells.
Your spell library was empty.

Dungeon Overview and Level Annotations

Branches:
Dungeon (5/15)
 Temple: D:4-7

Altars:

Shops:
D:4 %[*[


Innate Abilities, Weirdness & Mutations

You are too large for most types of armour.
You have claws for hands.
Your metabolism is lightning-fast.
You like to eat raw meat.
Your natural rate of healing is unusually fast.
You are covered in fur. (AC +1)
You have extremely tough skin. (AC +3)


Message History

You scratch the hound.
The hound is almost dead.
The hound bites you but does no damage.
An ogre comes into view. It is wielding a +0 giant spiked club.
You barely miss the hound.
The hound is almost dead.
The hound barely misses you. The hound bites you.
There are monsters nearby!
You scratch the hound.
You kill the hound!
The ogre closely misses you.
You scratch the ogre but do no damage. You barely miss the ogre.
The ogre closely misses you.
You barely miss the ogre.
The ogre hits you with a +0 giant spiked club!!
You closely miss the ogre. You scratch the ogre.
The ogre is moderately wounded.
The ogre hits you with a +0 giant spiked club!!
You die...

#. ....##.... .#..
..........
......##.........
................#
.....#..................
.....#......#...........
#....##.. ..##...O......
#..)....####.#..@......#
.....................###
.....................#
..................#...#
.................##.....
..#...####......#.....##
..##..###.......#......#
................#.....##
..#.#...#.......#.....


You could see an ogre.

Vanquished Creatures
  2 ogres
  Blork the orc (D:4)
  2 scorpions (D:4)
  A howler monkey (D:4)
  A hound (D:5)
  A jelly (D:5)
  Terence (D:2)
  An iguana (D:5)
  A worker ant (D:4)
  A howler monkey zombie (D:5)
  3 gnolls (D:4)
  4 adders
  2 oozes
  2 worms (D:2)
  A dart slug (D:1)
  3 leopard geckos
  14 orcs
  11 bats
  3 giant cockroaches
  11 goblins
  12 hobgoblins
  5 quokkas
  4 ball pythons
  4 frilled lizards
  14 kobolds
  6 rats
111 creatures vanquished.

Notes
Turn   | Place    | Note
-------+----------+-------------------------------------------
     0 | D:1      | Mrkan the Troll Hunter began the quest for the Orb.
     0 | D:1      | Reached XP level 1. HP: 19/19 MP: 0/0
    52 | D:1      | Reached skill level 1 in Unarmed Combat
    94 | D:1      | Reached XP level 2. HP: 27/27 MP: 1/1
   203 | D:1      | Reached skill level 2 in Unarmed Combat
   513 | D:1      | Reached XP level 3. HP: 33/33 MP: 2/2
   723 | D:2      | Reached skill level 3 in Unarmed Combat
   802 | D:2      | Noticed Terence
   816 | D:2      | Killed Terence
   816 | D:2      | Reached XP level 4. HP: 31/41 MP: 3/3
   947 | D:2      | Reached skill level 4 in Unarmed Combat
   964 | D:2      | Noticed an ogre
   972 | D:2      | Killed an ogre
   972 | D:2      | Reached XP level 5. HP: 12/52 MP: 4/4
  2003 | D:4      | Reached skill level 5 in Unarmed Combat
  2003 | D:4      | Reached XP level 6. HP: 52/61 MP: 5/5
  2026 | D:4      | Found Yrhufid's Armour Shop.
  2153 | D:4      | Noticed Blork the orc
  2162 | D:4      | Killed Blork the orc
  2162 | D:4      | Reached skill level 6 in Unarmed Combat
  2241 | D:4      | Found Muizigiu's Antique Armour Shop.
  2546 | D:4      | Reached XP level 7. HP: 52/67 MP: 6/6
  2582 | D:4      | Found Ixyfoxt's Food Boutique.
  2777 | D:4      | Found Ifemeim's Assorted Antiques.
  2923 | D:5      | Entered Level 5 of the Dungeon
  3071 | D:5      | Mangled by an ogre

Illustrated notes

Levels and vault maps discovered:
D:1:      elethiomel_arrival_shortcut, layout_loops_ring, minmay_curled_crystal
D:2:      layout_rooms, minmay_pentomino_u4, uniq_terence
D:3:      layout_loops_ring, first_ration
D:4:      corexii_shantytown, layout_basic, serial_shops, shop, shop,
          kennysheep_mini, shop, uniq_blork_the_orc
D:5:      layout_cave_pools, basic_altar, gup_sewer_entry_spiral,
          okawaru_trees_2

Skill      XL: |  1  2  3  4  5  6  7 |
---------------+----------------------+-----
Unarmed Combat | 1 2 3 4 5 6 |  6.3
Fighting       | 2 3 4 |  4.1
Throwing       | 4 |  4.0
Dodging        | |  1.5
Stealth        | |  0.3

Action                   |  1- 3 |  4- 6 |  7- 9 || total
-------------------------+-------+-------+-------++-------
Melee: Unarmed           |   104 |   165 |    31 ||   300
       Punch             |       |     2 |     2 ||     4
 Stab: Sleeping          |     3 |     4 |       ||     7
  Eat: Chunk             |    13 |    16 |     5 ||    34
Armor: Robe              |    52 |    32 |     9 ||    93
Dodge: Dodged            |    67 |    90 |    10 ||   167

Table legend:
 A = Non-vault XP
 B = Vault XP
 C = Vault XP percentage of total XP
 D = Non-vault monster count
 E = Vault monster count
 F = Vault count percentage of total count
                 A         B        C        D         E       F
            +---------+---------+-------+---------+---------+-------
      Total |     788 |     241 |  23.4 |      75 |      36 |  32.4
            +---------+---------+-------+---------+---------+-------
        D:1 |      43 |       0 |   0.0 |      23 |       0 |   0.0
        D:2 |     173 |      44 |  20.3 |      20 |       5 |  20.0
        D:3 |      46 |       0 |   0.0 |      17 |       0 |   0.0
        D:4 |     387 |     197 |  33.7 |       9 |      31 |  77.5
        D:5 |     139 |       0 |   0.0 |       6 |       0 |   0.0
            +---------+---------+-------+---------+---------+-------
